Mustangs vs Mulligans (R1)

Created - January 5, 2020 at 22:36

Goals
1 2 3 OT1 SO T
Mustangs 2 2 2 0 1 7
Mulligans 2 3 1 0 0 6
Shots
1 2 3 OT1 SO T
Mustangs 10 11 11 1 3 33
Mulligans 12 11 13 1 3 37

1st period

1. Mulligans , Eric Tangradi 25 (Anton Lander 36, Dalton Thrower 3) at 8:00
2. Mustangs , Josh Jooris 11 (Melker Karlsson 22) at 16:32
3. Mulligans , Logan Shaw 14 (Anton Lander 37, Eric Tangradi 16) at 17:01 (PP)
4. Mustangs , Melker Karlsson 20 (Josh Jooris 10, Craig Smith 18) at 18:00

Penalties :
Alexei Marchenko (Ham) for Hooking (Minor) at 16:55

2nd period

5. Mulligans , Eric Tangradi 26 (Sven Baertschi 8, Ben Hutton 11) at 7:16
6. Mulligans , Joonas Donskoi 8 (Maxime Macenauer 15, Darren Dietz 7) at 9:28
7. Mustangs , Alexei Marchenko 7 (Sam Kurker 2) at 13:37
8. Mustangs , Craig Smith 14 (JT Compher 8, Stefan Matteau 17) at 14:57
9. Mulligans , Maxime Macenauer 12 (Joonas Donskoi 3, Matt Beleskey 15) at 17:41

Penalties :
Logan Shaw (Rep) for Holding (Minor) at 0:22, Michael Sdao (Rep) for Holding Stick (Minor) at 3:25

3rd period

10. Mulligans , Logan Shaw 15 (Anton Lander 38) at 3:51
11. Mustangs , Iven Barbashev 6 (Ben Harpur 7) at 4:46
12. Mustangs , Nick Schmaltz 9 (Tuomo Ruutu 3) at 11:07

Penalties :
JT Compher (Ham) for Hooking (Minor) at 0:25, Eric Tangradi (Rep) for Cross-checking (Minor) at 11:52, Stefan Matteau (Ham) for Interference (Minor) at 17:26

Overtime #1

No Goal

Penalties :
No Penalty

Shootout

Mustangs, Josh Jooris - Stopped by Calvin Pickard
Mulligans, Eric Tangradi - Stopped by Anthony Stolarz
Mustangs, Melker Karlsson - Goal!
Mulligans, Anton Lander - Stopped by Anthony Stolarz
Mustangs, Stefan Matteau - Stopped by Calvin Pickard
Mulligans, Matt Beleskey - Shot Misses the Net

Penalties :
No Penalty

Goalie Stats

Anthony Stolarz (Ham), 18 saves from 20 shots - (0.900), W, 5-4-0, 35:32 minutes
Chet Pickard (Ham), 13 saves from 17 shots - (0.765), 29:28 minutes
Calvin Pickard (Rep), 27 saves from 33 shots - (0.818), OTL, 13-8-2, 65:00 minutes

Players Stats for Mustangs

Player Name              G  A  P  +/- PIM S  H  SB GA TA FO     MP     PP MP  PK MP  
------------------------------------------------------------------------------------
Alexei Marchenko         1  0  1   0  2   3  0  0  2  0  0/0    28:10   3:37   2:04 
Andrew O'Brien           0  0  0   0  0   0  3  2  0  2  0/0    22:03   2:15   2:00 
Ben Harpur               0  1  1   0  0   1  1  1  0  1  0/0    21:27   2:15   2:10 
Chrstian Dvorak          0  0  0   2  0   0  0  0  0  0  0/0     7:27   0:00   0:00 
Craig Smith              1  1  2   1  0   1  1  0  0  1  0/1    17:06   2:45   0:49 
Dakota Mermis            0  0  0   1  0   0  0  1  0  0  0/0    17:26   0:05   1:54 
Damon Severson           0  0  0   0  0   3  1  2  0  1  0/0    26:07   3:37   0:00 
Danny Biega              0  0  0   1  0   0  0  1  0  0  0/0    14:46   0:05   0:00 
Iven Barbashev           1  0  1   2  0   2  1  0  0  0  1/3     7:44   0:00   0:17 
Jonathan Drouin          0  0  0  -2  0   1  2  1  0  1  1/2    20:30   3:12   0:11 
Josh Jooris              1  1  2  -2  0   2  2  0  1  2  2/2    24:23   3:12   2:03 
JT Compher               0  1  1   1  2   3  2  0  0  0  0/1    15:10   2:45   0:00 
Max Gortz                0  0  0   0  0   1  2  0  0  0  0/0    12:58   0:00   0:00 
Melker Karlsson          1  1  2  -2  0   4  0  1  0  0  26/39  24:07   3:12   2:03 
Nick Schmaltz            1  0  1   0  0   2  1  1  0  0  2/3    15:43   0:00   0:59 
Sam Kurker               0  1  1   2  0   3  1  0  1  0  0/1     7:28   0:00   0:00 
Stefan Matteau           0  1  1   1  2   2  2  1  0  0  11/18  18:08   2:45   0:45 
Tuomo Ruutu              0  1  1   0  0   5  0  1  0  0  0/0    15:10   0:00   1:01 

Players Stats for Mulligans

Player Name              G  A  P  +/- PIM S  H  SB GA TA FO     MP     PP MP  PK MP  
------------------------------------------------------------------------------------
Anton Lander             0  3  3   2  0   4  1  0  0  0  13/35  22:35   2:38   3:24 
Ben Hutton               0  1  1   2  0   2  6  1  0  0  0/0    29:22   2:39   3:07 
Cade Fairchild           0  0  0  -3  0   1  0  2  0  0  0/0    23:48   1:25   1:52 
Cristiano Digiacinto     0  0  0   0  0   0  0  0  0  0  0/0     0:00   0:00   0:00 
Dalton Thrower           0  1  1   0  0   0  1  1  0  0  0/0    13:20   0:00   1:24 
Darren Dietz             0  1  1  -2  0   2  1  2  0  0  0/0    23:41   1:25   1:46 
Drayson Bowman           0  0  0  -3  0   0  1  0  0  0  0/0    11:23   0:00   0:00 
Eric Tangradi            2  1  3   2  2   5  3  2  1  1  2/6    25:07   2:38   1:54 
John Hayden              0  0  0   0  0   0  0  0  0  0  0/2     3:08   0:00   1:57 
Jonny Brodzinski         0  0  0   0  0   0  0  0  0  0  0/0     2:01   0:03   0:00 
Joonas Donskoi           1  1  2   0  0   3  1  0  0  0  0/0    19:59   1:23   0:00 
Logan Shaw               2  0  2   2  2   3  0  0  2  0  0/1    16:09   2:38   0:00 
Matt Beleskey            0  1  1   0  0   5  2  0  3  0  0/0    22:20   1:23   1:02 
Maxime Macenauer         1  1  2   0  0   9  2  2  1  0  6/12   22:20   1:23   1:02 
Michael Sdao             0  0  0   1  2   1  2  1  0  1  0/0    28:04   2:39   2:04 
Nick Moutrey             0  0  0   0  0   0  0  0  0  0  1/1     1:17   0:00   1:07 
Reid Boucher             0  0  0   0  0   0  0  0  0  0  1/1     2:07   0:03   0:00 
Robbie Russo             0  0  0   0  0   0  1  0  0  1  0/0    12:35   0:00   1:41 
Robby Fabbri             0  0  0   0  0   0  0  0  0  0  0/1     5:00   0:00   0:00 
Sam Bennett              0  0  0  -3  0   1  1  1  0  1  4/11   11:23   0:00   0:00 
Sven Baertschi           0  1  1   0  0   0  0  0  1  0  0/0     6:38   0:00   1:28 
Valeri Nichushkin        0  0  0  -3  0   1  0  1  0  0  0/0    11:43   0:03   0:00 

3 Stars

1 - Eric Tangradi (Rep)
2 - Anton Lander (Rep)
3 - Logan Shaw (Rep)

Power Play

Mustangs - 0 on 3 Attempt(s) - 0.00%
Mulligans - 1 on 3 Attempt(s) - 33.33%

Penalty Kill

Mustangs - 2 on 3 Attempt(s) - 66.67% - Score 0 goal in Penalty Kill
Mulligans - 3 on 3 Attempt(s) - 100.00% - Score 0 goal in Penalty Kill

Team Stat

Mustangs - Hits : 19 - Faceoff Wins : 43 - Blocked Shots : 12 - Penalty Minutes : 6
Mulligans - Hits : 22 - Faceoff Wins : 27 - Blocked Shots : 13 - Penalty Minutes : 6

Official

Referees : Unknown
Linesman : Unknown

Game Notes

Anthony Stolarz enters game at 9:28 of 2nd period

Finance

Level 1 -- Attendance: 1593 (79.65%) -- Ticket Income $31,860
Level 2 -- Attendance: 763 (76.30%) -- Ticket Income $7,630
Total Attendance: 2356 (78.53%)
Total Ticket Income: $39,490
Other Income: $1,974
Total Income: $41,464

Mustangs

5 vs 5 Forward 
   Center                   Left Wing                Right Wing               Time % Phy DF OF 
 1 Melker Karlsson          Jonathan Drouin          Josh Jooris              40     1   2  2  
 2 Stefan Matteau           JT Compher               Craig Smith              30     1   2  2  
 3 Nick Schmaltz            Tuomo Ruutu              Max Gortz                20     1   2  2  
 4 Iven Barbashev           Chrstian Dvorak          Sam Kurker               10     1   2  2  

5 vs 5 Defense 
   Defense                  Defense                                           Time % Phy DF OF 
 1 Alexei Marchenko         Damon Severson                                    44     1   2  2  
 2 Ben Harpur               Andrew O'Brien                                    33     1   2  2  
 3 Dakota Mermis            Danny Biega                                       23     1   2  2  
 4 Alexei Marchenko         Damon Severson                                    0      1   2  2  

PowerPlay Forward 
   Center                   Left Wing                Right Wing               Time % Phy DF OF 
 1 Melker Karlsson          Jonathan Drouin          Josh Jooris              60     1   2  2  
 2 Stefan Matteau           JT Compher               Craig Smith              40     1   2  2  

PowerPlay Defense
   Defense                  Defense                                           Time % Phy DF OF 
 1 Alexei Marchenko         Damon Severson                                    60     1   2  2  
 2 Ben Harpur               Andrew O'Brien                                    40     1   2  2  

Penalty Kill 4 Players Forward 
   Center                   Wing                     Time % Phy DF OF 
 1 Melker Karlsson          Josh Jooris              60     1   2  2  
 2 Stefan Matteau           Craig Smith              40     1   2  2  

Penalty Kill 4 Players Defense
   Defense                  Defense                  Time % Phy DF OF 
 1 Alexei Marchenko         Ben Harpur               60     1   2  2  
 2 Dakota Mermis            Andrew O'Brien           40     1   2  2  

Penalty Kill - 3 Players Forward 
   Forward                                           Time % Phy DF OF 
 1 Melker Karlsson                                   60     1   2  2  
 2 Stefan Matteau                                    40     1   2  2  

Penalty Kill - 3 Players Defense
   Defense                  Defense                  Time % Phy DF OF 
 1 Alexei Marchenko         Ben Harpur               60     1   2  2  
 2 Dakota Mermis            Andrew O'Brien           40     1   2  2  

4 vs 4 Forward 
   Center                   Wing                     Time % Phy DF OF 
 1 Melker Karlsson          Josh Jooris              60     1   2  2  
 2 Stefan Matteau           Craig Smith              40     1   2  2  

4 vs 4 Defense
   Defense                  Defense                  Time % Phy DF OF 
 1 Alexei Marchenko         Damon Severson           60     1   2  2  
 2 Ben Harpur               Andrew O'Brien           40     1   2  2  

Last Minutes Offensive
   Center                   Left Wing                Right Wing               Defense                  Defense                  
   Melker Karlsson          Jonathan Drouin          Josh Jooris              Alexei Marchenko         Damon Severson           

Last Minutes Defensive
   Center                   Left Wing                Right Wing               Defense                  Defense                  
   Melker Karlsson          Chrstian Dvorak          Josh Jooris              Alexei Marchenko         Ben Harpur               

Goaltenders
Starting : Chet Pickard             
Backup : Anthony Stolarz          

Extra Forwards
Normal : Melker Karlsson, Stefan Matteau, Nick Schmaltz - PP : Josh Jooris, Craig Smith - PK : Melker Karlsson
Extra Defensemen
Normal : Alexei Marchenko, Ben Harpur, Danny Biega - PP : Damon Severson - PK : Alexei Marchenko, Andrew O'Brien
Penalty Shots
Josh Jooris, Melker Karlsson, Stefan Matteau, JT Compher, Jonathan Drouin

Scratches
Ryan Graves (Healthy), Curtis Hamilton (Healthy), Matthew Finn (Healthy), Jim O'Brien (Healthy), Kurtis Gabriel (Healthy)
Raphael Bussieres (Healthy), Michael McCarron (Healthy), Josh Ho-Sang (Healthy), Brett Pollock (Healthy), Steven Spinner (Healthy)
Joacim Eriksson (Healthy)

Mulligans

5 vs 5 Forward 
   Center                   Left Wing                Right Wing               Time % Phy DF OF 
 1 Anton Lander             Eric Tangradi            Logan Shaw               40     1   2  2  
 2 Maxime Macenauer         Matt Beleskey            Joonas Donskoi           30     1   2  2  
 3 Sam Bennett              Drayson Bowman           Valeri Nichushkin        20     1   2  2  
 4 Robby Fabbri             Sven Baertschi           Eric Tangradi            10     1   2  2  

5 vs 5 Defense 
   Defense                  Defense                                           Time % Phy DF OF 
 1 Michael Sdao             Ben Hutton                                        40     1   2  2  
 2 Cade Fairchild           Darren Dietz                                      30     1   2  2  
 3 Dalton Thrower           Robbie Russo                                      20     1   2  2  
 4 Michael Sdao             Ben Hutton                                        10     1   2  2  

PowerPlay Forward 
   Center                   Left Wing                Right Wing               Time % Phy DF OF 
 1 Anton Lander             Eric Tangradi            Logan Shaw               60     1   2  2  
 2 Maxime Macenauer         Matt Beleskey            Joonas Donskoi           40     1   2  2  

PowerPlay Defense
   Defense                  Defense                                           Time % Phy DF OF 
 1 Michael Sdao             Ben Hutton                                        60     1   2  2  
 2 Cade Fairchild           Darren Dietz                                      40     1   2  2  

Penalty Kill 4 Players Forward 
   Center                   Wing                     Time % Phy DF OF 
 1 Eric Tangradi            Anton Lander             60     1   2  2  
 2 Matt Beleskey            Maxime Macenauer         40     1   2  2  

Penalty Kill 4 Players Defense
   Defense                  Defense                  Time % Phy DF OF 
 1 Michael Sdao             Ben Hutton               60     1   2  2  
 2 Cade Fairchild           Darren Dietz             40     1   2  2  

Penalty Kill - 3 Players Forward 
   Forward                                           Time % Phy DF OF 
 1 Eric Tangradi                                     60     1   2  2  
 2 Anton Lander                                      40     1   2  2  

Penalty Kill - 3 Players Defense
   Defense                  Defense                  Time % Phy DF OF 
 1 Michael Sdao             Ben Hutton               60     1   2  2  
 2 Cade Fairchild           Darren Dietz             40     1   2  2  

4 vs 4 Forward 
   Center                   Wing                     Time % Phy DF OF 
 1 Eric Tangradi            Anton Lander             60     1   2  2  
 2 Matt Beleskey            Maxime Macenauer         40     1   2  2  

4 vs 4 Defense
   Defense                  Defense                  Time % Phy DF OF 
 1 Michael Sdao             Ben Hutton               60     1   2  2  
 2 Cade Fairchild           Darren Dietz             40     1   2  2  

Last Minutes Offensive
   Center                   Left Wing                Right Wing               Defense                  Defense                  
   Anton Lander             Eric Tangradi            Logan Shaw               Michael Sdao             Ben Hutton               

Last Minutes Defensive
   Center                   Left Wing                Right Wing               Defense                  Defense                  
   Anton Lander             Eric Tangradi            Logan Shaw               Michael Sdao             Ben Hutton               

Goaltenders
Starting : Calvin Pickard           
Backup : Juuse Saros              

Extra Forwards
Normal : Reid Boucher, Jonny Brodzinski, John Hayden - PP : Reid Boucher, Jonny Brodzinski - PK : John Hayden
Extra Defensemen
Normal : Dalton Thrower, Robbie Russo, Cade Fairchild - PP : Dalton Thrower - PK : Robbie Russo, Cade Fairchild
Penalty Shots
Eric Tangradi, Anton Lander, Matt Beleskey, Maxime Macenauer, Drayson Bowman

Scratches
None


% Time on Ice - Mustangs

Lines # - Real PCT - Wanted PCT - Time Play
Normal Forward
1 - 34% - 40% - 17:08
2 - 25% - 30% - 12:26
3 - 26% - 20% - 12:58
4 - 15% - 10% - 7:27
Normal Defense
1 - 41% - 44% - 20:19
2 - 31% - 33% - 15:16
3 - 29% - 23% - 14:24
4 - 0% - 0% - 0:00
PP Forward
1 - 54% - 60% - 3:12
2 - 46% - 40% - 2:45
PP Defense
1 - 62% - 60% - 3:42
2 - 38% - 40% - 2:15
PK Forward
1 - 80% - 60% - 3:15
2 - 20% - 40% - 0:49
PK Defense
1 - 53% - 60% - 2:10
2 - 47% - 40% - 1:54
PK3 Forward
1 - 0% - 60%
2 - 0% - 40%
PK3 Defense
1 - 0% - 60%
2 - 0% - 40%
44 Forward
1 - 85% - 60% - 4:14
2 - 15% - 40% - 0:46
44 Defense
1 - 49% - 60% - 2:28
2 - 51% - 40% - 2:32
Last Minute Offensive  - 0:00
Last Minute Defensive  - 0:00
Total
Forward - 65:00
Defense - 65:00

% Time on Ice - Mulligans

Lines # - Real PCT - Wanted PCT - Time Play
Normal Forward
1 - 30% - 40% - 15:06
2 - 37% - 30% - 18:30
3 - 23% - 20% - 11:23
4 - 10% - 10% - 5:00
Normal Defense
1 - 40% - 40% - 19:54
2 - 35% - 30% - 17:30
3 - 20% - 20% - 10:08
4 - 5% - 10% - 2:27
PP Forward
1 - 66% - 60% - 2:41
2 - 34% - 40% - 1:23
PP Defense
1 - 65% - 60% - 2:39
2 - 35% - 40% - 1:25
PK Forward
1 - 83% - 60% - 4:55
2 - 17% - 40% - 1:02
PK Defense
1 - 73% - 60% - 4:21
2 - 27% - 40% - 1:36
PK3 Forward
1 - 0% - 60%
2 - 0% - 40%
PK3 Defense
1 - 0% - 60%
2 - 0% - 40%
44 Forward
1 - 72% - 60% - 3:35
2 - 28% - 40% - 1:25
44 Defense
1 - 57% - 60% - 2:50
2 - 43% - 40% - 2:10
Last Minute Offensive  - 0:00
Last Minute Defensive  - 0:00
Total
Forward - 65:00
Defense - 65:00

Play-by-Play

1st period


0:01 of 1st period - Melker Karlsson wins face-off versus Anton Lander in neutral zone.
0:06 of 1st period - Eric Tangradi is hit by Josh Jooris and loses puck.
0:15 of 1st period - Snap shot by Josh Jooris.
0:15 of 1st period - Shot Misses the Net.
1:36 of 1st period - Snap shot by Tuomo Ruutu.
1:36 of 1st period - Shot Blocked by Darren Dietz.
1:43 of 1st period - Icing by Maxime Macenauer.
1:44 of 1st period - Melker Karlsson wins face-off versus Anton Lander in Mulligans zone.
2:29 of 1st period - Danny Biega is hit by Ben Hutton and loses puck.
5:07 of 1st period - Snap shot by Matt Beleskey.
5:07 of 1st period - Stopped by Chet Pickard without a rebound.
5:08 of 1st period - Melker Karlsson wins face-off versus Maxime Macenauer in Mustangs zone.
5:17 of 1st period - Wrist shot by Melker Karlsson.
5:17 of 1st period - Shot Blocked by Ben Hutton.
5:23 of 1st period - Wrist shot by Matt Beleskey.
5:23 of 1st period - Shot Misses the Net.
5:25 of 1st period - Slapshot by Ben Hutton.
5:25 of 1st period - Stopped by Chet Pickard without a rebound.
5:26 of 1st period - Stefan Matteau wins face-off versus Anton Lander in Mustangs zone.
6:10 of 1st period - Off-side.
6:11 of 1st period - Nick Schmaltz wins face-off versus Sam Bennett in neutral zone.
6:14 of 1st period - Snap shot by Tuomo Ruutu.
6:14 of 1st period - Shot Hit the Post.
6:20 of 1st period - Alexei Marchenko is hit by Michael Sdao and loses puck.
7:06 of 1st period - Ben Hutton is hit by JT Compher.
7:46 of 1st period - Wrist shot by Max Gortz.
7:46 of 1st period - Deflect By Tuomo Ruutu.
7:46 of 1st period - Stopped by Calvin Pickard without a rebound.
7:47 of 1st period - Melker Karlsson wins face-off versus Anton Lander in Mulligans zone.
7:48 of 1st period - Snap shot by Josh Jooris.
7:48 of 1st period - Shot Misses the Net.
8:00 of 1st period - Snap shot by Eric Tangradi.
8:00 of 1st period - Goal by Eric Tangradi - Mustangs : 0 - Mulligans : 1.
8:01 of 1st period - Melker Karlsson wins face-off versus Anton Lander in neutral zone.
8:04 of 1st period - Logan Shaw is hit by Jonathan Drouin and loses puck.
8:15 of 1st period - Wrist shot by Eric Tangradi.
8:15 of 1st period - Stopped by Chet Pickard without a rebound.
8:16 of 1st period - Stefan Matteau wins face-off versus Logan Shaw in Mustangs zone.
8:23 of 1st period - Snap shot by Anton Lander.
8:23 of 1st period - Stopped by Chet Pickard without a rebound.
8:24 of 1st period - Anton Lander wins face-off versus Craig Smith in Mustangs zone.
8:25 of 1st period - Snap shot by Logan Shaw.
8:25 of 1st period - Shot Misses the Net.
9:08 of 1st period - Wrist shot by JT Compher.
9:08 of 1st period - Stopped by Calvin Pickard without a rebound.
9:09 of 1st period - Maxime Macenauer wins face-off versus Melker Karlsson in Mulligans zone.
9:34 of 1st period - Sam Bennett is hit by Nick Schmaltz and loses puck.
9:57 of 1st period - Slapshot by Sam Kurker.
9:57 of 1st period - Shot Blocked by Eric Tangradi.
10:11 of 1st period - Wrist shot by Damon Severson.
10:11 of 1st period - Stopped by Calvin Pickard with a rebound.
10:44 of 1st period - Snap shot by Tuomo Ruutu.
10:44 of 1st period - Stopped by Calvin Pickard with a rebound.
10:46 of 1st period - Snap shot by Tuomo Ruutu.
10:46 of 1st period - Shot Blocked by Maxime Macenauer.
10:48 of 1st period - Snap shot by Tuomo Ruutu.
10:48 of 1st period - Shot Misses the Net.
10:56 of 1st period - Max Gortz is hit by Eric Tangradi and loses puck.
11:04 of 1st period - Robby Fabbri is hit by Andrew O'Brien and loses puck.
11:13 of 1st period - Eric Tangradi is hit by Andrew O'Brien and loses puck.
11:24 of 1st period - Slapshot by Tuomo Ruutu.
11:24 of 1st period - Stopped by Calvin Pickard with a rebound.
11:30 of 1st period - Snap shot by Eric Tangradi.
11:30 of 1st period - Shot Blocked by Tuomo Ruutu.
11:32 of 1st period - Slapshot by Ben Hutton.
11:32 of 1st period - Stopped by Chet Pickard without a rebound.
11:33 of 1st period - Maxime Macenauer wins face-off versus Melker Karlsson in Mustangs zone.
11:38 of 1st period - Slapshot by Joonas Donskoi.
11:38 of 1st period - Stopped by Chet Pickard without a rebound.
11:39 of 1st period - Melker Karlsson wins face-off versus Maxime Macenauer in Mustangs zone.
11:39 of 1st period - Melker Karlsson is hit by Matt Beleskey.
11:53 of 1st period - Snap shot by Melker Karlsson.
11:53 of 1st period - Shot Misses the Net.
13:04 of 1st period - Wrist shot by Joonas Donskoi.
13:04 of 1st period - Shot Blocked by Andrew O'Brien.
13:06 of 1st period - Snap shot by Joonas Donskoi.
13:06 of 1st period - Stopped by Chet Pickard with a rebound.
13:08 of 1st period - Snap shot by Maxime Macenauer.
13:08 of 1st period - Shot Blocked by Ben Harpur.
13:10 of 1st period - Wrist shot by Maxime Macenauer.
13:10 of 1st period - Shot Misses the Net.
13:12 of 1st period - Wrist shot by Maxime Macenauer.
13:12 of 1st period - Stopped by Chet Pickard without a rebound.
13:13 of 1st period - Stefan Matteau wins face-off versus Anton Lander in Mustangs zone.
13:23 of 1st period - Wrist shot by Stefan Matteau.
13:23 of 1st period - Shot Blocked by Michael Sdao.
13:33 of 1st period - Michael Sdao is hit by JT Compher and loses puck.
14:01 of 1st period - Icing by Ben Hutton.
14:02 of 1st period - Sam Bennett wins face-off versus Nick Schmaltz in Mulligans zone.
14:28 of 1st period - Off-side.
14:29 of 1st period - Stefan Matteau wins face-off versus Sam Bennett in neutral zone.
14:38 of 1st period - Slapshot by Craig Smith.
14:38 of 1st period - Shot Blocked by Valeri Nichushkin.
14:40 of 1st period - Slapshot by Alexei Marchenko.
14:40 of 1st period - Deflect By Stefan Matteau.
14:40 of 1st period - Stopped by Calvin Pickard without a rebound.
14:41 of 1st period - Anton Lander wins face-off versus Stefan Matteau in Mulligans zone.
14:47 of 1st period - Off-side.
14:48 of 1st period - Anton Lander wins face-off versus Stefan Matteau in neutral zone.
15:03 of 1st period - Snap shot by Anton Lander.
15:03 of 1st period - Stopped by Chet Pickard with a rebound.
16:18 of 1st period - Sam Bennett is hit by Stefan Matteau and loses puck.
16:30 of 1st period - Icing by Drayson Bowman.
16:31 of 1st period - Melker Karlsson wins face-off versus Sam Bennett in Mulligans zone.
16:32 of 1st period - Snap shot by Josh Jooris.
16:32 of 1st period - Goal by Josh Jooris - Mustangs : 1 - Mulligans : 1.
16:33 of 1st period - Melker Karlsson wins face-off versus Anton Lander in neutral zone.
16:55 of 1st period - Minor Penalty to Alexei Marchenko for Hooking.
16:56 of 1st period - Melker Karlsson wins face-off versus Anton Lander in Mustangs zone.
17:01 of 1st period - Wrist shot by Logan Shaw.
17:01 of 1st period - Goal by Logan Shaw - Mustangs : 1 - Mulligans : 2.
17:02 of 1st period - Anton Lander wins face-off versus Jonathan Drouin in neutral zone.
17:04 of 1st period - Off-side.
17:05 of 1st period - Melker Karlsson wins face-off versus Anton Lander in neutral zone.
17:18 of 1st period - Snap shot by Eric Tangradi.
17:18 of 1st period - Shot Misses the Net.
17:49 of 1st period - Icing by Stefan Matteau.
17:50 of 1st period - Stefan Matteau wins face-off versus Sam Bennett in Mustangs zone.
17:50 of 1st period - Stefan Matteau is hit by Sam Bennett.
18:00 of 1st period - Snap shot by Melker Karlsson.
18:00 of 1st period - Goal by Melker Karlsson - Mustangs : 2 - Mulligans : 2.
18:01 of 1st period - Anton Lander wins face-off versus Melker Karlsson in neutral zone.
18:09 of 1st period - Icing by Michael Sdao.
18:10 of 1st period - Melker Karlsson wins face-off versus Anton Lander in Mulligans zone.
18:21 of 1st period - Snap shot by Anton Lander.
18:21 of 1st period - Stopped by Chet Pickard with a rebound.
18:23 of 1st period - Wrist shot by Anton Lander.
18:23 of 1st period - Shot Blocked by Danny Biega.
18:36 of 1st period - Wrist shot by Melker Karlsson.
18:36 of 1st period - Stopped by Calvin Pickard without a rebound.
18:37 of 1st period - Stefan Matteau wins face-off versus Maxime Macenauer in Mulligans zone.
19:27 of 1st period - Wrist shot by Sam Bennett.
19:27 of 1st period - Shot Misses the Net.
19:52 of 1st period - Snap shot by Iven Barbashev.
19:52 of 1st period - Stopped by Calvin Pickard without a rebound.
19:53 of 1st period - Melker Karlsson wins face-off versus Anton Lander in Mulligans zone.
Goals for this period are 2 for Mustangs vs 2 for Mulligans.
Shots for this period are 10 for Mustangs vs 12 for Mulligans.

2nd period


0:01 of 2nd period - Anton Lander wins face-off versus Melker Karlsson in neutral zone.
0:22 of 2nd period - Minor Penalty to Logan Shaw for Holding.
0:23 of 2nd period - Eric Tangradi wins face-off versus Melker Karlsson in Mulligans zone.
0:38 of 2nd period - Wrist shot by Josh Jooris.
0:38 of 2nd period - Shot Misses the Net.
2:22 of 2nd period - Penalty to Logan Shaw is over, Logan Shaw is back on ice.
2:31 of 2nd period - Backhand shot by Valeri Nichushkin.
2:31 of 2nd period - Shot Misses the Net.
2:33 of 2nd period - Wrist shot by Sam Bennett.
2:33 of 2nd period - Shot Blocked by Andrew O'Brien.
2:53 of 2nd period - Maxime Macenauer is hit by Andrew O'Brien and loses puck.
3:25 of 2nd period - Minor Penalty to Michael Sdao for Holding Stick.
3:26 of 2nd period - Melker Karlsson wins face-off versus Eric Tangradi in Mulligans zone.
3:51 of 2nd period - Anton Lander is hit by Damon Severson and loses puck.
5:25 of 2nd period - Penalty to Michael Sdao is over, Michael Sdao is back on ice.
5:42 of 2nd period - Snap shot by Nick Schmaltz.
5:42 of 2nd period - Shot Misses the Net.
5:44 of 2nd period - Wrist shot by Tuomo Ruutu.
5:44 of 2nd period - Shot Blocked by Cade Fairchild.
5:54 of 2nd period - Michael Sdao is hit by Iven Barbashev and loses puck.
5:59 of 2nd period - Snap shot by Iven Barbashev.
5:59 of 2nd period - Shot Misses the Net.
6:01 of 2nd period - Slapshot by Damon Severson.
6:01 of 2nd period - Stopped by Calvin Pickard with a rebound.
6:27 of 2nd period - Snap shot by Matt Beleskey.
6:27 of 2nd period - Deflect By Maxime Macenauer.
6:27 of 2nd period - Stopped by Chet Pickard without a rebound.
6:28 of 2nd period - Maxime Macenauer wins face-off versus Sam Kurker in Mustangs zone.
6:59 of 2nd period - Darren Dietz is hit by Jonathan Drouin and loses puck.
7:16 of 2nd period - Snap shot by Eric Tangradi.
7:16 of 2nd period - Goal by Eric Tangradi - Mustangs : 2 - Mulligans : 3.
7:17 of 2nd period - Melker Karlsson wins face-off versus Maxime Macenauer in neutral zone.
8:36 of 2nd period - Slapshot by Matt Beleskey.
8:36 of 2nd period - Shot Misses the Net.
8:38 of 2nd period - Slapshot by Matt Beleskey.
8:38 of 2nd period - Stopped by Chet Pickard without a rebound.
8:39 of 2nd period - Melker Karlsson wins face-off versus Maxime Macenauer in Mustangs zone.
8:58 of 2nd period - Damon Severson is hit by Ben Hutton and loses puck.
9:11 of 2nd period - Alexei Marchenko is hit by Maxime Macenauer and loses puck.
9:16 of 2nd period - Wrist shot by Matt Beleskey.
9:16 of 2nd period - Shot Blocked by Jonathan Drouin.
9:18 of 2nd period - Snap shot by Maxime Macenauer.
9:18 of 2nd period - Shot Blocked by Melker Karlsson.
9:20 of 2nd period - Slapshot by Darren Dietz.
9:20 of 2nd period - Shot Blocked by Damon Severson.
9:22 of 2nd period - Wrist shot by Maxime Macenauer.
9:22 of 2nd period - Stopped by Chet Pickard with a rebound.
9:24 of 2nd period - Wrist shot by Joonas Donskoi.
9:24 of 2nd period - Shot Misses the Net.
9:26 of 2nd period - Wrist shot by Joonas Donskoi.
9:26 of 2nd period - Shot Blocked by Damon Severson.
9:28 of 2nd period - Wrist shot by Joonas Donskoi.
9:28 of 2nd period - Goal by Joonas Donskoi - Mustangs : 2 - Mulligans : 4.
9:28 of 2nd period - Anthony Stolarz enters game.
9:29 of 2nd period - Stefan Matteau wins face-off versus Anton Lander in neutral zone.
10:04 of 2nd period - Darren Dietz is hit by Ben Harpur.
10:38 of 2nd period - Wrist shot by Jonathan Drouin.
10:38 of 2nd period - Stopped by Calvin Pickard without a rebound.
10:39 of 2nd period - Melker Karlsson wins face-off versus Anton Lander in Mulligans zone.
11:31 of 2nd period - Snap shot by Max Gortz.
11:31 of 2nd period - Stopped by Calvin Pickard with a rebound.
11:33 of 2nd period - Wrist shot by Alexei Marchenko.
11:33 of 2nd period - Shot Blocked by Sam Bennett.
12:09 of 2nd period - Backhand shot by Melker Karlsson.
12:09 of 2nd period - Shot Misses the Net.
12:11 of 2nd period - Snap shot by Melker Karlsson.
12:11 of 2nd period - Stopped by Calvin Pickard without a rebound.
12:12 of 2nd period - Maxime Macenauer wins face-off versus Stefan Matteau in Mulligans zone.
12:44 of 2nd period - Snap shot by Eric Tangradi.
12:44 of 2nd period - Shot Misses the Net.
12:46 of 2nd period - Snap shot by Eric Tangradi.
12:46 of 2nd period - Shot Blocked by Dakota Mermis.
12:58 of 2nd period - Snap shot by Valeri Nichushkin.
12:58 of 2nd period - Stopped by Anthony Stolarz without a rebound.
12:59 of 2nd period - Sam Bennett wins face-off versus Iven Barbashev in Mustangs zone.
13:04 of 2nd period - Slapshot by Sam Bennett.
13:04 of 2nd period - Shot Misses the Net.
13:16 of 2nd period - Sam Kurker is hit by Dalton Thrower and loses puck.
13:35 of 2nd period - Snap shot by Sam Kurker.
13:35 of 2nd period - Shot Misses the Net.
13:37 of 2nd period - Snap shot by Alexei Marchenko.
13:37 of 2nd period - Deflect By Drayson Bowman.
13:37 of 2nd period - Goal by Alexei Marchenko - Mustangs : 3 - Mulligans : 4.
13:38 of 2nd period - Anton Lander wins face-off versus Melker Karlsson in neutral zone.
14:49 of 2nd period - Wrist shot by Craig Smith.
14:49 of 2nd period - Shot Misses the Net.
14:51 of 2nd period - Snap shot by JT Compher.
14:51 of 2nd period - Stopped by Calvin Pickard with a rebound.
14:53 of 2nd period - Wrist shot by Stefan Matteau.
14:53 of 2nd period - Shot Misses the Net.
14:55 of 2nd period - Wrist shot by Stefan Matteau.
14:55 of 2nd period - Deflect By JT Compher.
14:55 of 2nd period - Stopped by Calvin Pickard with a rebound.
14:57 of 2nd period - Snap shot by Craig Smith.
14:57 of 2nd period - Goal by Craig Smith - Mustangs : 4 - Mulligans : 4.
14:58 of 2nd period - Melker Karlsson wins face-off versus Anton Lander in neutral zone.
15:01 of 2nd period - Backhand shot by Damon Severson.
15:01 of 2nd period - Deflect By Anton Lander.
15:01 of 2nd period - Stopped by Calvin Pickard with a rebound.
15:13 of 2nd period - Wrist shot by Eric Tangradi.
15:13 of 2nd period - Stopped by Anthony Stolarz with a rebound.
15:50 of 2nd period - Dakota Mermis is hit by Drayson Bowman and loses puck.
16:49 of 2nd period - Snap shot by Sam Kurker.
16:49 of 2nd period - Stopped by Calvin Pickard without a rebound.
16:50 of 2nd period - Iven Barbashev wins face-off versus Sam Bennett in Mulligans zone.
16:53 of 2nd period - Snap shot by Chrstian Dvorak.
16:53 of 2nd period - Shot Misses the Net.
16:59 of 2nd period - Damon Severson is hit by Ben Hutton and loses puck.
17:16 of 2nd period - Damon Severson is hit by Ben Hutton and loses puck.
17:21 of 2nd period - Snap shot by Maxime Macenauer.
17:21 of 2nd period - Deflect By Sam Kurker.
17:21 of 2nd period - Stopped by Anthony Stolarz without a rebound.
17:22 of 2nd period - Maxime Macenauer wins face-off versus Melker Karlsson in Mustangs zone.
17:27 of 2nd period - Wrist shot by Maxime Macenauer.
17:27 of 2nd period - Stopped by Anthony Stolarz with a rebound.
17:39 of 2nd period - Wrist shot by Maxime Macenauer.
17:39 of 2nd period - Stopped by Anthony Stolarz with a rebound.
17:41 of 2nd period - Wrist shot by Maxime Macenauer.
17:41 of 2nd period - Goal by Maxime Macenauer - Mustangs : 4 - Mulligans : 5.
17:42 of 2nd period - Anton Lander wins face-off versus Melker Karlsson in neutral zone.
17:44 of 2nd period - Off-side.
17:45 of 2nd period - Josh Jooris wins face-off versus Anton Lander in neutral zone.
18:37 of 2nd period - Snap shot by Damon Severson.
18:37 of 2nd period - Shot Blocked by Cade Fairchild.
18:39 of 2nd period - Slapshot by Alexei Marchenko.
18:39 of 2nd period - Deflect By Stefan Matteau.
18:39 of 2nd period - Shot Blocked by Maxime Macenauer.
18:39 of 2nd period - Puck is out of play.
18:40 of 2nd period - Stefan Matteau wins face-off versus Anton Lander in Mulligans zone.
19:07 of 2nd period - Maxime Macenauer is hit by Max Gortz and loses puck.
19:14 of 2nd period - Slapshot by Tuomo Ruutu.
19:14 of 2nd period - Shot Misses the Net.
19:16 of 2nd period - Slapshot by Tuomo Ruutu.
19:16 of 2nd period - Stopped by Calvin Pickard without a rebound.
19:17 of 2nd period - Anton Lander wins face-off versus Melker Karlsson in Mulligans zone.
19:17 of 2nd period - Anton Lander is hit by Josh Jooris.
Goals for this period are 2 for Mustangs vs 3 for Mulligans.
Shots for this period are 11 for Mustangs vs 11 for Mulligans.

3rd period


0:01 of 3rd period - Jonathan Drouin wins face-off versus Anton Lander in neutral zone.
0:16 of 3rd period - Snap shot by Anton Lander.
0:16 of 3rd period - Stopped by Anthony Stolarz without a rebound.
0:17 of 3rd period - Maxime Macenauer wins face-off versus Stefan Matteau in Mustangs zone.
0:25 of 3rd period - Minor Penalty to JT Compher for Hooking.
0:26 of 3rd period - Melker Karlsson wins face-off versus Anton Lander in Mustangs zone.
1:00 of 3rd period - Josh Jooris is hit by Maxime Macenauer.
1:24 of 3rd period - Stefan Matteau is hit by Eric Tangradi and loses puck.
1:54 of 3rd period - Andrew O'Brien is hit by Anton Lander and loses puck.
2:17 of 3rd period - Andrew O'Brien is hit by Michael Sdao and loses puck.
2:25 of 3rd period - Penalty to JT Compher is over, JT Compher is back on ice.
3:04 of 3rd period - Snap shot by Tuomo Ruutu.
3:04 of 3rd period - Shot Blocked by Eric Tangradi.
3:06 of 3rd period - Wrist shot by Tuomo Ruutu.
3:06 of 3rd period - Shot Misses the Net.
3:18 of 3rd period - Slapshot by Sam Kurker.
3:18 of 3rd period - Stopped by Calvin Pickard without a rebound.
3:19 of 3rd period - Sam Bennett wins face-off versus Iven Barbashev in Mulligans zone.
3:38 of 3rd period - Iven Barbashev is hit by Joonas Donskoi and loses puck.
3:45 of 3rd period - Snap shot by Matt Beleskey.
3:45 of 3rd period - Shot Misses the Net.
3:47 of 3rd period - Slapshot by Michael Sdao.
3:47 of 3rd period - Deflect By Maxime Macenauer.
3:47 of 3rd period - Stopped by Anthony Stolarz without a rebound.
3:48 of 3rd period - Anton Lander wins face-off versus Melker Karlsson in Mustangs zone.
3:51 of 3rd period - Snap shot by Logan Shaw.
3:51 of 3rd period - Goal by Logan Shaw - Mustangs : 4 - Mulligans : 6.
3:52 of 3rd period - Melker Karlsson wins face-off versus Anton Lander in neutral zone.
4:17 of 3rd period - Damon Severson is hit by Matt Beleskey and loses puck.
4:41 of 3rd period - Maxime Macenauer is hit by Sam Kurker and loses puck.
4:46 of 3rd period - Snap shot by Iven Barbashev.
4:46 of 3rd period - Goal by Iven Barbashev - Mustangs : 5 - Mulligans : 6.
4:47 of 3rd period - Melker Karlsson wins face-off versus Anton Lander in neutral zone.
5:20 of 3rd period - Slapshot by Darren Dietz.
5:20 of 3rd period - Stopped by Anthony Stolarz with a rebound.
5:28 of 3rd period - Snap shot by Josh Jooris.
5:28 of 3rd period - Shot Misses the Net.
5:30 of 3rd period - Slapshot by Alexei Marchenko.
5:30 of 3rd period - Stopped by Calvin Pickard without a rebound.
5:31 of 3rd period - Anton Lander wins face-off versus Stefan Matteau in Mulligans zone.
6:03 of 3rd period - Slapshot by Joonas Donskoi.
6:03 of 3rd period - Deflect By Matt Beleskey.
6:03 of 3rd period - Stopped by Anthony Stolarz without a rebound.
6:04 of 3rd period - Nick Schmaltz wins face-off versus Maxime Macenauer in Mustangs zone.
7:10 of 3rd period - Snap shot by Tuomo Ruutu.
7:10 of 3rd period - Stopped by Calvin Pickard with a rebound.
7:54 of 3rd period - Matt Beleskey is hit by Max Gortz and loses puck.
8:23 of 3rd period - Wrist shot by Matt Beleskey.
8:23 of 3rd period - Stopped by Anthony Stolarz with a rebound.
8:25 of 3rd period - Snap shot by Cade Fairchild.
8:25 of 3rd period - Stopped by Anthony Stolarz with a rebound.
8:27 of 3rd period - Wrist shot by Matt Beleskey.
8:27 of 3rd period - Stopped by Anthony Stolarz with a rebound.
8:29 of 3rd period - Snap shot by Darren Dietz.
8:29 of 3rd period - Stopped by Anthony Stolarz with a rebound.
9:23 of 3rd period - Snap shot by Nick Schmaltz.
9:23 of 3rd period - Stopped by Calvin Pickard with a rebound.
9:40 of 3rd period - Wrist shot by Max Gortz.
9:40 of 3rd period - Shot Blocked by Darren Dietz.
11:07 of 3rd period - Wrist shot by Nick Schmaltz.
11:07 of 3rd period - Goal by Nick Schmaltz - Mustangs : 6 - Mulligans : 6.
11:08 of 3rd period - Anton Lander wins face-off versus Melker Karlsson in neutral zone.
11:42 of 3rd period - Wrist shot by Stefan Matteau.
11:42 of 3rd period - Stopped by Calvin Pickard with a rebound.
11:52 of 3rd period - Minor Penalty to Eric Tangradi for Cross-checking.
11:53 of 3rd period - Melker Karlsson wins face-off versus John Hayden in Mulligans zone.
12:19 of 3rd period - Icing by Ben Harpur.
12:20 of 3rd period - Nick Moutrey wins face-off versus JT Compher in Mustangs zone.
12:45 of 3rd period - Damon Severson is hit by Ben Hutton and loses puck.
13:18 of 3rd period - Slapshot by Anton Lander.
13:18 of 3rd period - Deflect By Sven Baertschi.
13:18 of 3rd period - Shot Misses the Net.
13:18 of 3rd period - Puck is out of play.
13:19 of 3rd period - Melker Karlsson wins face-off versus John Hayden in Mustangs zone.
13:40 of 3rd period - Slapshot by Ben Harpur.
13:40 of 3rd period - Stopped by Calvin Pickard with a rebound.
13:42 of 3rd period - Snap shot by Damon Severson.
13:42 of 3rd period - Shot Blocked by Dalton Thrower.
13:52 of 3rd period - Penalty to Eric Tangradi is over, Eric Tangradi is back on ice.
13:58 of 3rd period - Slapshot by Sam Bennett.
13:58 of 3rd period - Stopped by Anthony Stolarz with a rebound.
14:26 of 3rd period - Off-side.
14:27 of 3rd period - Melker Karlsson wins face-off versus Eric Tangradi in neutral zone.
14:36 of 3rd period - Snap shot by Josh Jooris.
14:36 of 3rd period - Stopped by Calvin Pickard without a rebound.
14:37 of 3rd period - Anton Lander wins face-off versus Melker Karlsson in Mulligans zone.
14:42 of 3rd period - Snap shot by Logan Shaw.
14:42 of 3rd period - Shot Misses the Net.
14:48 of 3rd period - Snap shot by Eric Tangradi.
14:48 of 3rd period - Shot Misses the Net.
15:11 of 3rd period - Slapshot by Logan Shaw.
15:11 of 3rd period - Stopped by Anthony Stolarz with a rebound.
15:27 of 3rd period - Wrist shot by Josh Jooris.
15:27 of 3rd period - Shot Misses the Net.
15:29 of 3rd period - Slapshot by Andrew O'Brien.
15:29 of 3rd period - Deflect By Melker Karlsson.
15:29 of 3rd period - Shot Misses the Net.
15:29 of 3rd period - Puck is out of play.
15:30 of 3rd period - Sam Bennett wins face-off versus Stefan Matteau in Mulligans zone.
15:34 of 3rd period - Off-side.
15:35 of 3rd period - Stefan Matteau wins face-off versus Sam Bennett in neutral zone.
16:04 of 3rd period - Snap shot by Sam Kurker.
16:04 of 3rd period - Stopped by Calvin Pickard without a rebound.
16:05 of 3rd period - Josh Jooris wins face-off versus Anton Lander in Mulligans zone.
16:21 of 3rd period - Icing by Ben Hutton.
16:22 of 3rd period - Stefan Matteau wins face-off versus Sam Bennett in Mulligans zone.
16:35 of 3rd period - Slapshot by Stefan Matteau.
16:35 of 3rd period - Deflect By Craig Smith.
16:35 of 3rd period - Shot Misses the Net.
16:35 of 3rd period - Puck is out of play.
16:36 of 3rd period - Melker Karlsson wins face-off versus Robby Fabbri in Mulligans zone.
16:47 of 3rd period - Wrist shot by Melker Karlsson.
16:47 of 3rd period - Stopped by Calvin Pickard without a rebound.
16:48 of 3rd period - Melker Karlsson wins face-off versus Eric Tangradi in Mulligans zone.
16:49 of 3rd period - Snap shot by Josh Jooris.
16:49 of 3rd period - Shot Misses the Net.
17:13 of 3rd period - Alexei Marchenko is hit by Ben Hutton.
17:26 of 3rd period - Minor Penalty to Stefan Matteau for Interference.
17:27 of 3rd period - Melker Karlsson wins face-off versus Anton Lander in Mustangs zone.
17:27 of 3rd period - Melker Karlsson is hit by Eric Tangradi.
18:17 of 3rd period - Snap shot by Eric Tangradi.
18:17 of 3rd period - Stopped by Anthony Stolarz with a rebound.
18:19 of 3rd period - Wrist shot by Michael Sdao.
18:19 of 3rd period - Stopped by Anthony Stolarz with a rebound.
18:21 of 3rd period - Wrist shot by Anton Lander.
18:21 of 3rd period - Shot Misses the Net.
18:29 of 3rd period - Snap shot by Anton Lander.
18:29 of 3rd period - Shot Blocked by Nick Schmaltz.
18:31 of 3rd period - Slapshot by Michael Sdao.
18:31 of 3rd period - Shot Misses the Net.
19:26 of 3rd period - Penalty to Stefan Matteau is over, Stefan Matteau is back on ice.
19:33 of 3rd period - Jonathan Drouin is hit by Robbie Russo and loses puck.
Goals for this period are 2 for Mustangs vs 1 for Mulligans.
Shots for this period are 11 for Mustangs vs 13 for Mulligans.

Overtime #1


0:01 of 1st overtime period - Eric Tangradi wins face-off versus Melker Karlsson in neutral zone.
0:56 of 1st overtime period - Snap shot by Matt Beleskey.
0:56 of 1st overtime period - Shot Blocked by Stefan Matteau.
1:20 of 1st overtime period - Wrist shot by Alexei Marchenko.
1:20 of 1st overtime period - Stopped by Calvin Pickard with a rebound.
1:40 of 1st overtime period - Icing by Stefan Matteau.
1:41 of 1st overtime period - Reid Boucher wins face-off versus Stefan Matteau in Mustangs zone.
3:23 of 1st overtime period - Slapshot by Maxime Macenauer.
3:23 of 1st overtime period - Stopped by Anthony Stolarz without a rebound.
3:24 of 1st overtime period - Stefan Matteau wins face-off versus Eric Tangradi in Mustangs zone.
4:23 of 1st overtime period - Michael Sdao is hit by Stefan Matteau and loses puck.
4:40 of 1st overtime period - Nick Schmaltz is hit by Darren Dietz and loses puck.
4:59 of 1st overtime period - Anton Lander is hit by Craig Smith and loses puck.
Goals for this period are 0 for Mustangs vs 0 for Mulligans.
Shots for this period are 1 for Mustangs vs 1 for Mulligans.

ShootOut


5:00 of 1st overtime period - Round #1.
5:00 of 1st overtime period - Mustangs, Josh Jooris.
5:00 of 1st overtime period - Snap shot by Josh Jooris.
5:00 of 1st overtime period - Stopped by Calvin Pickard.
5:00 of 1st overtime period - Mulligans, Eric Tangradi.
5:00 of 1st overtime period - Wrist shot by Eric Tangradi.
5:00 of 1st overtime period - Stopped by Anthony Stolarz.
5:00 of 1st overtime period - Round #2.
5:00 of 1st overtime period - Mustangs, Melker Karlsson.
5:00 of 1st overtime period - Backhand shot by Melker Karlsson.
5:00 of 1st overtime period - Goal by Melker Karlsson.
5:00 of 1st overtime period - Mulligans, Anton Lander.
5:00 of 1st overtime period - Deke by Anton Lander.
5:00 of 1st overtime period - Stopped by Anthony Stolarz.
5:00 of 1st overtime period - Round #3.
5:00 of 1st overtime period - Mustangs, Stefan Matteau.
5:00 of 1st overtime period - Deke by Stefan Matteau.
5:00 of 1st overtime period - Stopped by Calvin Pickard.
5:00 of 1st overtime period - Mulligans, Matt Beleskey.
5:00 of 1st overtime period - Deke by Matt Beleskey.
5:00 of 1st overtime period - Shot Misses the Net.